 Dungeon Crawl Stone Soup version 0.18-a0-1523-gbe15c29 (webtiles) character file.

725 mrath the Cudgeler (level 7, -2/57 HPs)
             Began as a Minotaur Fighter on Mar 7, 2016.
             Slain by a giant frog (5 damage)
             ... in a sewer.
             The game lasted 00:19:23 (3441 turns).

mrath the Cudgeler (Minotaur Fighter)               Turns: 3441, Time: 00:19:23

Health: -2/57      AC: 11    Str: 20 (23) XL:     7   Next: 43%
Magic:  6/6        EV:  9    Int:  6 (7)  God:
Gold:   185        SH:  9    Dex:  8 (9)  Spells: 0 memorised, 6 levels left

rFire  . . .     SeeInvis .     a - +0 flail
rCold  . . .     Gourm    .     b - +0 scale mail
rNeg   . . .     Faith    .     c - +0 shield
rPois  .         Spirit   .     (helmet restricted)
rElec  .         Dismiss  .     e - +0 cloak
rCorr  .         Reflect  .     z - +0 pair of gloves
SustAt .         Harm     .     B - +1 pair of boots
MR     .....                    (no amulet)
Stlth  ..........               y - +2 ring of intelligence
                                (no ring)

@: very slightly contaminated, hasted, very quick, not resistant to hostile
enchantments, extremely unstealthy
A: retaliatory headbutt, horns 2
a: no special abilities


You were in a sewer.
You were not hungry.

You visited 1 branch of the dungeon, and saw 4 of its levels.
You also visited: Sewer.

You collected 185 gold pieces.

Inventory:

Hand Weapons
 a - a +0 flail (weapon)
Missiles
 j - 62 stones (quivered)
 o - 2 throwing nets
 r - 21 sling bullets
Armour
 b - a +0 scale mail (worn)
 c - a +0 shield (worn)
 e - a +0 cloak (worn)
 z - a +0 pair of gloves (worn)
 B - a +1 pair of boots (worn)
Jewellery
 s - an uncursed ring of ice
 y - a +2 ring of intelligence (right hand)
Scrolls
 d - a scroll of fog {unknown}
 i - 2 scrolls of remove curse {unknown}
 l - 2 scrolls of enchant weapon {unknown}
 q - a scroll of recharging {unknown}
 t - 5 scrolls of teleportation {unknown}
 v - 2 scrolls of identify {unknown}
 x - 2 scrolls of enchant armour {unknown}
 E - a scroll of random uselessness {unknown}
 G - a scroll of magic mapping {unknown}
 H - a scroll of blinking {unknown}
 I - a scroll of summoning {unknown}
Potions
 n - a potion of haste
 p - 2 potions of degeneration
 u - a potion of cancellation {unknown}
 w - a potion of agility {unknown}
 A - 2 potions of heal wounds {unknown}
 C - a potion of mutation {unknown}
 D - 2 potions of flight {unknown}
 F - 4 potions of curing {unknown}
Books
 m - a book of Summonings

   Spells                             Type                      Level
   a - Recall                         Summoning/Translocation      3
   b - Aura of Abjuration             Summoning                    5
   c - Summon Demon                   Summoning                    5
   d - Summon Forest                  Summoning/Translocation      5
   e - Summon Mana Viper              Hexes/Summoning              5
   f - Shadow Creatures               Summoning                    6
Comestibles
 f - 4 bread rations
 g - 10 chunks of flesh
 h - a slice of pizza
 k - 2 fruits


   Skills:
 - Level 3.6 Fighting
 + Level 7.8 Maces & Flails
 - Level 3.6 Armour
 + Level 5.5 Dodging
 + Level 0.8 Stealth
 - Level 3.6 Shields


You had 6 spell levels left.
You didn't know any spells.

Dungeon Overview and Level Annotations

Branches:
Dungeon (4/15)
 Temple: D:4-7

Altars:
Fedhas
Pakellas
Ru
Zin

Annotations:
D:4 Sigmund


Innate Abilities, Weirdness & Mutations

You reflexively headbutt those who attack you in melee.
You have a pair of horns on your head.


Message History

The ball python bites you but does no damage.
The ball python barely misses you.
The giant frog hits you but does no damage.
You block the giant frog's attack.
Drink which item? (? for menu, Esc to quit)
It was a potion of haste.
You feel yourself speed up. You block the giant frog's attack.
The ball python bites you.
* * * LOW HITPOINT WARNING * * *
You block the ball python's attack.
The giant frog hits you but does no damage. x2
The ball python barely misses you. You furiously retaliate!
You headbutt the ball python!
You kill the ball python!
You are very lightly contaminated with residual magic.
You miss the giant frog.
The giant frog is moderately wounded.
The giant frog closely misses you.
The giant frog hits you but does no damage.
The giant frog hits you.
You die...

#≈≈≈≈≈≈# #≈≈≈..≈
#≈≈≈≈≈≈# #...)≈≈
#≈≈≈≈≈≈# #≈.≈.≈≈
#≈≈≈≈≈≈# #≈÷≈≈≈≈
#≈≈≈≈≈≈# #≈≈÷≈≈≈
#≈≈≈≈≈≈# #≈≈≈≈≈≈
#≈≈≈≈≈≈# #≈≈≈≈≈≈
#≈≈FF≈≈##### #≈≈≈≈≈≈
#...@≈.##..# #≈.≈≈≈≈
#......##..# ##......
##......#'####......#
#........##........#
##................##
##..............##
###..........###
####....#### ######


You could see 2 giant frogs.

Vanquished Creatures
  Menkaure (D:4)
  2 phantoms (D:4)
  A centaur skeleton (D:4)
  A giant frog skeleton (D:4)
  4 worker ants
  Natasha (D:4)
  A hound skeleton (D:4)
  10 adders
  4 river rats (Sewer)
  3 oozes
  2 worms
  3 dart slugs (D:1)
  2 giant geckos
  5 orcs (D:3)
  2 bats
  10 giant cockroaches
  7 goblins
  8 hobgoblins
  3 jackals (D:1)
  8 kobolds
  A quokka (D:3)
  14 ball pythons
  A giant gecko skeleton (D:4)
  8 giant newts
  31 rats
133 creatures vanquished.

Notes
Turn   | Place    | Note
--------------------------------------------------------------
     0 | D:1      | mrath the Minotaur Fighter began the quest for the Orb.
     0 | D:1      | Reached XP level 1. HP: 19/19 MP: 0/0
     3 | D:1      | Reached skill level 3 in Maces & Flails
    23 | D:1      | Reached XP level 2. HP: 17/26 MP: 1/1
   331 | D:1      | Reached skill level 4 in Maces & Flails
   412 | D:1      | Reached XP level 3. HP: 29/31 MP: 2/2
  1110 | D:2      | Found an oddly glowing altar of Pakellas.
  1223 | D:2      | Reached skill level 1 in Dodging
  1508 | D:3      | Reached XP level 4. HP: 32/39 MP: 3/3
  1510 | D:3      | Reached skill level 5 in Maces & Flails
  1783 | D:3      | Found a sacrificial altar of Ru.
  2205 | D:3      | Found a blossoming altar of Fedhas.
  2348 | D:4      | Found a glowing silver altar of Zin.
  2364 | D:4      | Reached XP level 5. HP: 45/45 MP: 4/4
  2365 | D:4      | Noticed Menkaure
  2368 | D:4      | Noticed an ogre
  2387 | D:4      | Killed Menkaure
  2387 | D:4      | Reached skill level 6 in Maces & Flails
  2427 | D:4      | Reached XP level 6. HP: 19/51 MP: 5/5
  2472 | D:4      | Noticed Sigmund
  2654 | D:4      | Noticed Natasha
  2663 | D:4      | Killed Natasha
  2669 | D:4      | Reached skill level 7 in Maces & Flails
  2861 | D:4      | Reached skill level 5 in Dodging
  2861 | D:4      | Reached XP level 7. HP: 57/57 MP: 6/6
  2890 | D:4      | Found a glowing drain.
  2903 | Sewer    | Entered a sewer
  3441 | Sewer    | Slain by a giant frog

Vault maps used:
D:1:      onia_arrival_handbag, serial_bayou_pond_a
D:2:      lemuel_round_altar
D:3:      lemuel_doored_altar, first_bread, fedhas_altar_4
D:4:      zin_academy, portal_sewer_entry_d, uniq_natasha, uniq_menkaure,
          uniq_sigmund
Sewer:    sewer_minmay_w

Skill      XL: |  1  2  3  4  5  6 |
---------------+-------------------+-----
Maces & Flails | 3 4 5 6 7 |  7.8
Dodging        | 1 2 3 5 |  5.5
Fighting       | |  3.6
Armour         | |  3.6
Stealth        | |  0.8
Shields        | |  3.6

Action                   |  1- 3 |  4- 6 |  7- 9 || total
-------------------------+-------+-------+-------++-------
Melee: Flail             |   121 |   109 |   155 ||   385
Throw: Stone             |       |       |     3 ||     3
  Use: Potion            |       |     1 |     2 ||     3
  Eat: Chunk             |     2 |     4 |     3 ||     9
